AoeStats
← Simon Stokvis

Fortress

507947123Analyzed
4v4 RM · 12d ago on Sep 20, 2026· 44m 47s· 8 players
Game mode
Random Map
Map size
Huge
Population
200
Speed
Normal
Resources
Standard
Victory
Conquest
Starting age
Dark Age
Ending age
Imperial Age
RankedLock teamsTeams togetherTeam positionsShared explorationLock speedFull tech treeHidden civsTurbo modeCheats
Victory
Defeat
🇭🇰 Huns · Hong Kong SAR China
1603
+12
🇭🇰 Spanish · Hong Kong SAR China
1581
+13
🇭🇰 Italians · Hong Kong SAR China
1485
+17
🇭🇰 Wu · Hong Kong SAR China
1448
+18
🇱🇻 Sicilians · Latvia
1540
-16
🇫🇮 Saracens · Finland
1534
-16
🇮🇹 Persians · Italy
1510
-15
🇳🇱 Italians · Netherlands
1467
-13
Zuvubii
9:06 Feudal Age
9:52 Double-Bit Axe
12:44 Castle Age
10:57 Horse Collar
13:48 Wheelbarrow
16:20 Bow Saw
16:53 Hand Cart
19:48 Heavy Plow
19:36 Town Watch
21:08 Gold Mining
21:08 Stone Mining
21:18 Loom
24:58 Imperial Age
22:51 Forging
22:41 Scale Mail Armor
22:47 Scale Mail Armor
22:51 Squires
22:39 Arson
24:00 First Crusade
24:27 Chain Mail Armor
25:18 Iron Casting
25:11 Elite Serjeant
26:40 Plate Mail Armor
28:14 Blast Furnace
28:38 Conscription
28:37 Fletching
29:40 Arrowslits
34:25 Chemistry
33:36 Masonry
33:24 Bodkin Arrow
34:04 Bracer
34:03 Murder Holes
37:00 Coinage
36:33 Caravan
37:49 Crop Rotation
Simon Stokvis
7:45 Feudal Age
11:17 Castle Age
9:41 Horse Collar
10:49 Double-Bit Axe
21:17 Ballistics
21:18 Fletching
24:43 Imperial Age
22:31 Padded Archer Armor
23:09 Bodkin Arrow
25:14 Capped Ram
27:16 Bracer
28:37 Leather Archer Armor
29:58 Chemistry
30:46 Ring Archer Armor
32:51 Elite Genoese Crossbowman
35:32 Bow Saw
40:31 Thumb Ring
39:47 Elite Skirmisher
40:44 Crossbowman
41:22 Arbalester
mazq
7:15 Feudal Age
10:52 Castle Age
9:11 Double-Bit Axe
9:16 Horse Collar
12:19 Bow Saw
12:43 Heavy Plow
20:24 Wheelbarrow
19:57 Loom
19:58 Town Watch
25:32 Imperial Age
24:17 Hand Cart
25:06 Sanctity
24:47 Fletching
24:58 Padded Archer Armor
25:53 Thumb Ring
25:47 Bodkin Arrow
26:48 Parthian Tactics
26:06 Heavy Cavalry Archer
26:47 Bracer
26:52 Gold Mining
27:43 Ballistics
28:00 Leather Archer Armor
28:14 Conscription
29:31 Chemistry
28:38 Siege Engineers
29:13 Bloodlines
29:04 Husbandry
30:16 Two-Man Saw
29:35 Stone Mining
30:21 Gold Shaft Mining
30:52 Hoardings
30:35 Caravan
31:07 Ring Archer Armor
31:24 Treadmill Crane
31:54 Fortified Wall
31:55 Masonry
32:37 Coinage
32:19 Counterweights
34:28 Town Patrol
35:16 Banking
35:48 Scale Barding Armor
35:53 Forging
39:36 Iron Casting
39:21 Chain Barding Armor
38:25 Heavy Camel Rider
39:20 Murder Holes
42:08 Blast Furnace
41:54 Plate Barding Armor
Evol_
8:52 Feudal Age
12:22 Castle Age
10:15 Double-Bit Axe
10:18 Horse Collar
13:29 Bow Saw
13:33 Heavy Plow
16:19 Loom
18:52 Gold Mining
21:28 Wheelbarrow
26:26 Imperial Age
24:15 Town Watch
25:44 Bloodlines
25:34 Husbandry
26:16 Cavalier
27:08 Forging
27:29 Scale Barding Armor
30:22 Town Patrol
30:37 Hand Cart
30:58 Chain Barding Armor
30:56 Savar
33:10 Plate Barding Armor
33:11 Iron Casting
38:10 Caravan
39:20 Iron Casting
44:02 Padded Archer Armor
[Marty]TheEY
7:14 Feudal Age
11:10 Castle Age
9:07 Double-Bit Axe
9:07 Horse Collar
12:24 Bow Saw
14:29 Wheelbarrow
16:03 Gold Mining
17:33 Fletching
18:25 Bodkin Arrow
18:28 Loom
20:12 Stone Mining
22:57 Imperial Age
21:24 Ballistics
21:46 Padded Archer Armor
23:43 Bracer
24:44 Chemistry
24:33 Masonry
25:30 Leather Archer Armor
25:22 Thumb Ring
27:50 Heavy Plow
29:14 Elite Genoese Crossbowman
32:22 Ring Archer Armor
32:50 Hand Cart
33:26 Masonry
37:52 Architecture
37:46 Conscription
40:29 Caravan
Yan
7:59 Feudal Age
11:37 Castle Age
9:33 Double-Bit Axe
10:14 Horse Collar
13:47 Bow Saw
17:18 Loom
19:09 Wheelbarrow
19:10 Scale Barding Armor
21:00 Chain Barding Armor
21:26 Heavy Plow
21:50 Bloodlines
22:27 Husbandry
24:15 Hand Cart
29:07 Imperial Age
27:40 Marauders
29:11 Forging
29:51 Scale Mail Armor
30:30 Conscription
29:30 Elite Tarkan
31:19 Gold Mining
33:16 Gold Shaft Mining
32:33 Stone Mining
33:56 Caravan
35:30 Coinage
37:28 Banking
38:56 Cavalier
40:13 Plate Barding Armor
40:13 Iron Casting
39:47 Capped Ram
41:40 Siege Ram
42:58 Paladin
evi
8:12 Feudal Age
9:27 Double-Bit Axe
11:59 Castle Age
9:51 Horse Collar
10:46 Loom
12:39 Fletching
13:01 Bow Saw
21:56 Wheelbarrow
22:11 Bodkin Arrow
24:27 Hand Cart
27:42 Imperial Age
26:00 Padded Archer Armor
25:52 Gold Mining
27:12 Leather Archer Armor
27:19 Ballistics
28:34 Squires
28:36 Bracer
28:14 Elite Fire Archer
29:38 Red Cliffs Tactics
31:06 Chemistry
30:31 Heavy Hei Guang Cavalry
32:16 Bloodlines
32:06 Husbandry
32:19 Scale Barding Armor
32:15 Scale Mail Armor
32:25 Forging
34:59 Conscription
35:30 Conscription
35:23 Forging
35:34 Chain Barding Armor
35:21 Caravan
35:58 Sitting Tiger
36:59 Iron Casting
38:12 Two-Man Saw
37:14 Heavy Plow
37:50 Gold Shaft Mining
38:25 Red Cliffs Tactics
38:31 Light Cavalry
40:53 Blast Furnace
45:11 Masonry
45:38 Plate Barding Armor
44:54 Stone Mining
牛油果
6:26 Feudal Age
11:14 Castle Age
9:12 Double-Bit Axe
9:24 Horse Collar
12:37 Bow Saw
18:27 Wheelbarrow
19:44 Hand Cart
19:54 Heavy Plow
22:35 Gold Mining
22:35 Stone Mining
22:56 Loom
26:25 Imperial Age
24:08 Scale Barding Armor
24:14 Forging
25:31 Chain Barding Armor
25:13 Husbandry
25:23 Bloodlines
27:23 Iron Casting
26:44 Cavalier
29:33 Two-Man Saw
29:11 Plate Barding Armor
31:30 Blast Furnace
33:25 Town Watch
35:55 Stone Shaft Mining
37:21 Light Cavalry
39:52 Caravan
40:22 Coinage
40:03 Guilds
39:59 Paladin
40:53 Guilds
42:44 Fortified Wall
42:45 Masonry
Connection lost

Rejoining the realm…

Still unreachable

The connection could not be restored.

Session expired

The server has moved on; the page needs a fresh start.